AoeStats
← 恆浪蕩

MegaRandom

507454994Analyzed
4v4 RM · 13d ago on Sep 18, 2026· 37m 26s· 8 players
Game mode
Random Map
Map size
Large (8 player)
Population
200
Speed
Normal
Resources
Standard
Victory
Conquest
Starting age
Dark Age
Ending age
Imperial Age
RankedLock teamsTeams togetherTeam positionsShared explorationLock speedFull tech treeHidden civsTurbo modeCheats
Victory
Defeat
🇹🇼 Saracens · Taiwan
1678
+21
🇦🇷 Teutons · Argentina
1631
+23
🇹🇼 Muisca · Taiwan
1616
+23
🇹🇼 Poles · Taiwan
1564
+26
🇫🇷 Cumans · France
1833
-25
🇨🇳 Mongols · China
1807
-24
1761
-22
🇬🇧 Ethiopians · United Kingdom
1745
-22
爱人跟人走
JustAGecko
5:52 Loom
8:51 Feudal Age
12:26 Fletching
27:52 Castle Age
27:41 Double-Bit Axe
28:08 Crossbowman
28:48 Bodkin Arrow
=)Svanhilde
9:08 Feudal Age
9:46 Double-Bit Axe
9:41 Horse Collar
13:06 Loom
18:11 Wheelbarrow
23:34 Castle Age
22:50 Bloodlines
23:42 Scale Barding Armor
23:48 Forging
23:57 Gold Mining
24:34 Bow Saw
24:24 Heavy Plow
25:25 Chain Barding Armor
29:25 Iron Casting
29:34 Hand Cart
Ginger lee fondle your meatballs
10:25 Feudal Age
10:42 Loom
13:30 Fletching
16:32 Castle Age
23:58 Bodkin Arrow
28:27 Double-Bit Axe
默默默默默
6:13 Loom
6:18 Loom
9:23 Feudal Age
10:42 Town Watch
10:25 Man-at-Arms
15:23 Fletching
26:48 Castle Age
26:40 Gold Mining
26:33 Horse Collar
26:40 Double-Bit Axe
29:48 Sanctity
31:20 Redemption
33:22 Redemption
37:07 Bow Saw
恆浪蕩
6:34 Loom
9:18 Feudal Age
9:45 Double-Bit Axe
10:07 Gold Mining
12:20 Fletching
16:58 Wheelbarrow
21:53 Castle Age
20:08 Horse Collar
21:13 Padded Archer Armor
22:00 Crossbowman
22:37 Bodkin Arrow
25:46 Gold Shaft Mining
26:06 Bow Saw
27:53 Leather Archer Armor
28:14 Heavy Plow
30:50 Ballistics
31:36 Hand Cart
32:37 Stone Mining
33:45 Town Watch
37:20 Imperial Age
36:00 Thumb Ring
36:05 Town Watch
36:23 Treadmill Crane
肉肉小狗
5:42 Loom
8:25 Feudal Age
9:23 Double-Bit Axe
14:31 Scale Barding Armor
16:47 Horse Collar
21:42 Castle Age
20:20 Bloodlines
21:09 Forging
21:39 Gold Mining
22:25 Wheelbarrow
22:38 Bow Saw
22:21 Light Cavalry
23:31 Husbandry
24:06 Heavy Plow
25:00 Iron Casting
25:28 Chain Barding Armor
32:49 Hand Cart
33:10 Hand Cart
34:29 Szlachta Privileges
PAI
6:29 Loom
9:27 Feudal Age
10:11 Double-Bit Axe
11:39 Horse Collar
14:03 Scale Barding Armor
25:51 Castle Age
24:01 Fletching
24:33 Gold Mining
25:22 Bloodlines
26:59 Chain Barding Armor
27:21 Bow Saw
27:41 Light Cavalry
29:06 Forging
28:54 Bodkin Arrow
33:02 Wheelbarrow
36:47 Heavy Plow
Connection lost

Rejoining the realm…

Still unreachable

The connection could not be restored.

Session expired

The server has moved on; the page needs a fresh start.